 Dungeon Crawl Stone Soup version 0.27-a0-760-gc38aae387d (webtiles) character file.

Game seed: 5720666547845466109

85 Hasart the Stinger (level 4, -2/27 HPs)
             Began as an Octopode Venom Mage on Mar 24, 2021.
             Slain by an adder (4 damage)
             ... on level 2 of the Dungeon.
             The game lasted 00:05:01 (2523 turns).

Hasart the Stinger (Octopode Venom Mage)            Turns: 2523, Time: 00:05:02

Health: -2/27      AC:  1    Str: 13    XL:     4   Next: 48%
Magic:  1/7        EV: 13    Int: 18    God:
Gold:   91         SH:  0    Dex: 12    Spells: 2/8 levels left

rFire    . . .     SeeInvis .   b - +0 dagger
rCold    . . .     Faith    .   (no shield)
rNeg     . . .     Spirit   .   (helmet restricted)
rPois    .         Reflect  .   (no amulet)
rElec    .         Harm     .   j - +6 ring of strength
rCorr    .         Rampage  .   (no ring)
Will     .....                  (no ring)
Stlth    +++.......             (no ring)
HPRegen  0.09/turn              (no ring)
MPRegen  0.10/turn              (no ring)
                                (no ring)
                                (no ring)

@: lethally poisoned (-2 -> -10)
A: almost no armour, amphibious, 8 rings, camouflage 1, gelatinous body 1,
nimble swimmer 1, tentacles
a: no special abilities


You were on level 2 of the Dungeon.
You visited 1 branch of the dungeon, and saw 2 of its levels.

You collected 91 gold pieces.

Inventory:

Hand Weapons
 b - a +0 dagger (weapon)
Jewellery
 j - a +6 ring of strength (left tentacle)
Scrolls
 d - a scroll of identify {unknown}
 e - a scroll of amnesia {unknown}
 f - a scroll of brand weapon {unknown}
 g - a scroll of magic mapping {unknown}
 i - a scroll of vulnerability {unknown}
 k - a scroll of holy word {unknown}
 l - a scroll of teleportation {unknown}
Potions
 a - a potion of magic {unknown}
 c - a potion of haste {unknown}
 h - a potion of flight {unknown}


   Skills:
 + Level 2.4 Dodging
 - Level 2.6 Stealth
 + Level 2.5 Spellcasting
 + Level 0.4 Conjurations
 + Level 1.7 Transmutations
 + Level 0.7 Air Magic
 * Level 4.8 Poison Magic


You had 2 spell levels left.
You knew the following spells:

 Your Spells              Type           Power      Damage    Failure   Level
a - Sting                 Tmut/Pois      56%        1d5       4%          1
b - Poisonous Vapours     Pois/Air       24%        N/A       9%          2
c - Mephitic Cloud        Conj/Pois/Air  9%         N/A       22%         3

Your spell library contained the following spells:

 Spells                   Type           Power      Damage    Failure   Level
 Beastly Appendage        Tmut           16%        N/A       9%          1
 Shock                    Conj/Air       16%        1d4       13%         1
 Animate Skeleton         Necr           4%         N/A       17%         1
 Corona                   Hex            2%         N/A       17%         1
 Summon Small Mammal      Summ           8%         N/A       17%         1
 Ignite Poison            Fire/Tmut/Pois 10%        N/A       22%         3
 Olgreb's Toxic Radiance  Pois           19%        N/A       24%         4


Dungeon Overview and Level Annotations

Branches:
Dungeon (2/15)

Altars:


Innate Abilities, Weirdness & Mutations

You cannot wear most types of armour.
You are amphibious.
You can wear up to eight rings at the same time.
Your skin changes colour to match your surroundings (Stealth+).
Your rubbery body absorbs attacks. (AC +1, EV +1)
You are stealthy while swimming. (Stealth+)
You have tentacles for arms and can constrict up to eight enemies at once.


Message History

Unknown command.
Casting: Sting (safe; 4% risk of failure)
Confirm with . or Enter, or press ? or * to list all spells.
Aiming: Sting (safe; 4% risk of failure)
Press: ? - help, Shift-Dir - straight line, f/p - adder
Aim: an adder (severely wounded, 47% to evade)
The sting misses the adder.
You feel sick.
You are no longer poisoned.
The adder bites you.
Unknown command.
Casting: Sting (safe; 4% risk of failure)
Confirm with . or Enter, or press ? or * to list all spells.
Aiming: Sting (safe; 4% risk of failure)
Press: ? - help, Shift-Dir - straight line, f/p - adder
Aim: an adder (severely wounded, 47% to evade)
The sting hits the adder.
The adder is poisoned.
The adder is almost dead.
The adder closely misses you. The adder completely misses you.
Unknown command.
You closely miss the adder. Your grab misses the adder.
The adder is almost dead.
The adder bites you.
You are poisoned.
The adder poisons you!
You miss the adder. Your grab misses the adder.
The adder is almost dead.
* * * LOW HITPOINT WARNING * * *
You feel very sick. The adder bites you.
* * * LOW HITPOINT WARNING * * *
Unknown command.
Casting: Sting (safe; 4% risk of failure)
Confirm with . or Enter, or press ? or * to list all spells.
Aiming: Sting (safe; 4% risk of failure)
Press: ? - help, Shift-Dir - straight line, f/p - adder
Aim: an adder (almost dead, poisoned, 47% to evade)
The sting misses the adder.
* * * LOW HITPOINT WARNING * * *
You feel sick. The adder closely misses you. The adder bites you.
You die...

# #####.#
#.####.....#
#....S....# #@#
#.## #..# ##.# .
#.# # ## ....# #†#
.# ..
....####.#+#+#.#
.##...............#
..#...............#


You could see an adder (poisoned).

Vanquished Creatures
  2 adders (D:2)
  3 dart slugs
  5 ball pythons
  2 bats (D:2)
  6 endoplasms
  A giant cockroach (D:1)
  6 goblins
  4 hobgoblins
  8 jackals
  7 kobolds
  4 quokkas (D:1)
  A frilled lizard (D:2)
  3 rats (D:1)
52 creatures vanquished.

Notes
Turn   | Place    | Note
-------+----------+-------------------------------------------
     0 | D:1      | Hasart the Octopode Venom Mage began the quest for the Orb.
     0 | D:1      | Reached XP level 1. HP: 11/11 MP: 3/3
   346 | D:1      | Reached XP level 2. HP: 17/17 MP: 3/5
   370 | D:1      | Reached skill level 4 in Poison Magic
   661 | D:1      | Learned a level 2 spell: Poisonous Vapours
  1019 | D:1      | Reached XP level 3. HP: 16/21 MP: 6/6
  1165 | D:1      | Identified A Beginning Course on Magic
  1741 | D:2      | Learned a level 3 spell: Mephitic Cloud
  2028 | D:2      | Reached XP level 4. HP: 16/27 MP: 1/7
  2523 | D:2      | Slain by an adder

Illustrated notes

Levels and vault maps discovered:
D:1:      lordsloth_arrival_two_stooges, layout_basic
D:2:      layout_basic, grunt_decor_cap

Skill      XL: |  1  2 |
---------------+-------+-----
Poison Magic   | 4 |  4.8
Dodging        | |  2.4
Stealth        | |  2.6
Spellcasting   | |  2.5
Conjurations   | |  0.4
Transmutations | |  1.7
Air Magic      | |  0.7

Action                   |  1- 3 |  4- 6 || total
-------------------------+-------+-------++-------
Melee: Dagger            |    41 |    14 ||    55
       Unarmed           |     1 |       ||     1
       Constrict         |    10 |     1 ||    11
       Tentacles         |     4 |     1 ||     5
 Cast: Sting             |    46 |    35 ||    81
 Stab: Sleeping          |     2 |       ||     2
Armor: Skin              |     5 |     5 ||    10
Dodge: Dodged            |    42 |    18 ||    60

Table legend: (Time is in decaauts)
 A = Elapsed time spent in this place.
 B = Non-inter-level travel time spent in this place.
 C = Inter-level travel time spent in this place.
 D = Time resting spent in this place.
 E = Time spent auto-exploring this place.
 F = Levels seen in this place.
 G = Mean time per level.
                   A        B        C        D        E       F      G
               +--------+--------+--------+--------+--------+-----+--------+
         Total |   2521 |   2509 |     12 |      0 |   2066 |   2 | 1260.5 |
       Dungeon |   2521 |   2509 |     12 |      0 |   2066 |   2 | 1260.5 |
               +--------+--------+--------+--------+--------+-----+--------+

Top non-repeatable levels by time:
     D:1: 1559 daAuts
     D:2: 962 daAuts
